General information
- name: BNet
- type: Ladder team game (AT/RT)
- host: Battle.net
- saver: OrionMoreno
map: Cherryville
- players: 8
- length: 38:33
- speed: Fast
- version: 1.26 W3XP
- replay type: Public
» download(227 KB)
Players
team 1 (winner)

»
ddxxddxx (
blue | 81 APM | 3111 actions | 38:33)
8 Blademaster
3 Wind Walk
3 Critical Strike
1 Bladestorm
1 Mirror Image
2 Shadow Hunter
1 Healing Wave
1 Hex
» actions
| Assign group hotkey | 144 | |
| Basic commands | 210 | |
| Build / train | 90 | |
| ESC pressed | 1 | |
| Enter build submenu | 25 | |
| Enter hero's abilities submenu | 11 | |
| Give item / drop item | 4 | |
| Right click | 854 | |
| Select / deselect | 399 | |
| Select group hotkey | 1238 | |
| Use ability | 135 | |
3111 total
» units
| Peon | 18 | |
| Grunt | 10 | |
| Spirit Walker | 1 | |
| Shaman | 6 | |
| Tauren | 8 | |
43 total
» upgrades
| Armor | 1 | |
| Reinforced Defenses | 1 | |
| Shaman Training | 2 | |
| Pulverize | 1 | |
| Melee Weapons | 1 | |
6 total
» buildings
| Altar of Storms | 2 | |
| Orc Burrow | 9 | |
| Barracks | 1 | |
| Voodoo Lounge | 2 | |
| Great Hall | 3 | |
| Stronghold | 2 | |
| War Mill | 2 | |
| Fortress | 1 | |
| Spirit Lodge | 1 | |
| Tauren Totem | 2 | |
| Beastiary | 1 | |
26 total
» build order
00:07 Altar of Storms
00:16 Orc Burrow
00:51 Barracks
01:27 Orc Burrow
01:43 Voodoo Lounge
02:45 Orc Burrow
04:24 Great Hall
04:51 Stronghold
06:35 War Mill
07:28 Fortress
09:01 Spirit Lodge
09:50 Tauren Totem
09:52 Tauren Totem
10:25 Orc Burrow
11:07 Orc Burrow
11:35 Orc Burrow
13:10 Orc Burrow
19:16 Orc Burrow
20:31 Beastiary
21:42 Great Hall
24:30 Great Hall
26:33 War Mill
27:01 Stronghold
28:55 Altar of Storms
30:01 Voodoo Lounge
30:06 Orc Burrow
» items
| Healing Salve | 5 | |
| Scroll of Speed | 5 | |
| Lesser Clarity Potion | 6 | |
| Potion of Healing | 3 | |
| Potion of Mana | 1 | |
| Scroll of Town Portal | 2 | |
| Orb of Lightning | 1 | |
| Potion of Lesser Invulnerability | 3 | |
26 total
avo (
red | 41 APM | 1022 actions | 24:54)
5 Demon Hunter
3 Mana Burn
2 Evasion
3 Keeper of the Grove
2 Entangling Roots
1 Thorns Aura
» actions
| Assign group hotkey | 12 | |
| Build / train | 72 | |
| Enter build submenu | 16 | |
| Enter hero's abilities submenu | 8 | |
| Give item / drop item | 5 | |
| Right click | 448 | |
| Select / deselect | 325 | |
| Select group hotkey | 59 | |
| Use ability | 77 | |
1022 total
» units
| Wisp | 23 | |
| Huntress | 11 | |
| Dryad | 4 | |
| Druid of the Claw | 1 | |
39 total
» upgrades
| Strength of the Moon | 3 | |
| Moon Armor | 2 | |
| Ultravision | 1 | |
| Strength of the Wild | 2 | |
| Sentinel | 1 | |
| Abolish Magic | 1 | |
| Reinforced Hides | 1 | |
| Druid of the Claw Training | 2 | |
| Upgrade Moon Glaive | 1 | |
14 total
» buildings
| Altar of Elders | 1 | |
| Moon Well | 7 | |
| Ancient of War | 2 | |
| Hunter's Hall | 1 | |
| Tree of Life | 2 | |
| Ancient of Wonders | 1 | |
| Tree of Ages | 1 | |
| Ancient of Lore | 2 | |
| Tree of Eternity | 1 | |
18 total
» build order
00:07 Altar of Elders
00:17 Moon Well
01:28 Ancient of War
01:52 Hunter's Hall
01:57 Moon Well
02:25 Moon Well
03:14 Moon Well
04:07 Ancient of War
05:27 Tree of Life
06:40 Ancient of Wonders
08:28 Tree of Ages
09:45 Moon Well
09:47 Moon Well
12:37 Ancient of Lore
13:08 Tree of Eternity
13:27 Ancient of Lore
14:36 Moon Well
18:52 Tree of Life
» items
| Staff of Teleportation | 1 | |
| Boots of Speed | 1 | |
| Moonstone | 2 | |
| Scroll of Town Portal | 3 | |
7 total
OrionMoreno (
yellow | 78 APM | 2992 actions | 38:33)
5 Archmage
2 Summon Water Elemental
3 Brilliance Aura
2 Mountain King
1 Storm Bolt
1 Bash
2 Blood Mage
1 Banish
1 Flame Strike
» actions
| Assign group hotkey | 60 | |
| Basic commands | 400 | |
| Build / train | 114 | |
| ESC pressed | 1 | |
| Enter build submenu | 36 | |
| Enter hero's abilities submenu | 9 | |
| Give item / drop item | 7 | |
| Remove unit from queue | 1 | |
| Right click | 903 | |
| Select / deselect | 457 | |
| Select group hotkey | 883 | |
| Use ability | 121 | |
2992 total
» units
| Peasant | 19 | |
| Footman | 12 | |
| Goblin Shredder | 3 | |
| Gryphon Rider | 6 | |
| Kobold Geomancer | 1 | |
| Assassin | 1 | |
| Murloc Huntsman | 1 | |
| Kobold | 1 | |
44 total
» upgrades
| Masonry | 3 | |
| Swords | 3 | |
| Armor | 3 | |
| Lumber Harvesting | 2 | |
| Animal War Training | 1 | |
| Storm Hammers | 1 | |
| Cloud | 1 | |
| Backpack | 1 | |
| Magic Sentry | 1 | |
16 total
» buildings
| Altar of Kings | 2 | |
| Barracks | 1 | |
| Farm | 12 | |
| Lumber Mill | 1 | |
| Town Hall | 2 | |
| Scout Tower | 8 | |
| Arcane Tower | 1 | |
| Arcane Vault | 1 | |
| Guard Tower | 7 | |
| Keep | 1 | |
| Blacksmith | 1 | |
| Castle | 1 | |
| Gryphon Aviary | 2 | |
| Arcane Sanctum | 1 | |
41 total
» build order
00:05 Altar of Kings
00:08 Altar of Kings
00:13 Barracks
00:17 Farm
01:06 Farm
02:21 Farm
02:30 Lumber Mill
03:14 Town Hall
03:20 Scout Tower
03:44 Farm
04:03 Arcane Tower
04:14 Scout Tower
04:25 Scout Tower
04:42 Arcane Vault
04:49 Guard Tower
05:11 Guard Tower
06:08 Keep
06:31 Blacksmith
08:02 Scout Tower
08:03 Scout Tower
08:35 Castle
09:29 Gryphon Aviary
09:33 Gryphon Aviary
10:49 Guard Tower
10:58 Farm
11:01 Farm
11:04 Farm
11:11 Farm
12:22 Guard Tower
12:36 Guard Tower
12:46 Farm
12:52 Farm
12:55 Scout Tower
13:33 Guard Tower
13:37 Scout Tower
13:38 Scout Tower
14:08 Farm
14:09 Farm
14:10 Guard Tower
30:20 Town Hall
30:42 Arcane Sanctum
» items
| Scroll of Regeneration | 1 | |
| Periapt of Vitality | 2 | |
| Staff of Teleportation | 3 | |
| Ivory Tower | 5 | |
| Orb of Fire | 1 | |
| Potion of Healing | 1 | |
| Boots of Speed | 1 | |
| Circlet of Nobility | 1 | |
| Scroll of Town Portal | 16 | |
31 total
ExitMusic (
teal | 25 APM | 979 actions | 38:33)
5 Archmage
1 Summon Water Elemental
3 Blizzard
1 Brilliance Aura
4 Paladin
2 Divine Shield
1 Devotion Aura
1 Holy Light
» actions
| Assign group hotkey | 18 | |
| Basic commands | 2 | |
| Build / train | 77 | |
| Enter build submenu | 23 | |
| Enter hero's abilities submenu | 9 | |
| Give item / drop item | 2 | |
| Right click | 256 | |
| Select / deselect | 363 | |
| Select group hotkey | 157 | |
| Use ability | 72 | |
979 total
» units
| Peasant | 11 | |
| Footman | 6 | |
| Goblin Shredder | 2 | |
| Goblin Zeppelin | 7 | |
| Siege Engine | 3 | |
| Knight | 4 | |
| Mortar Team | 3 | |
36 total
» upgrades
| Gunpowder | 3 | |
| Plating | 3 | |
| Barrage | 1 | |
| Masonry | 3 | |
| Animal War Training | 1 | |
| Swords | 1 | |
| Fragmentation Shards | 1 | |
| Armor | 1 | |
14 total
» buildings
| Farm | 13 | |
| Barracks | 2 | |
| Altar of Kings | 1 | |
| Lumber Mill | 2 | |
| Town Hall | 4 | |
| Keep | 1 | |
| Blacksmith | 1 | |
| Arcane Vault | 1 | |
| Castle | 1 | |
| Workshop | 4 | |
| Scout Tower | 12 | |
| Guard Tower | 10 | |
52 total
» build order
00:40 Farm
00:56 Barracks
01:09 Altar of Kings
01:19 Farm
01:49 Barracks
02:07 Farm
02:08 Farm
03:37 Lumber Mill
04:14 Town Hall
06:22 Keep
06:38 Blacksmith
06:41 Arcane Vault
06:57 Farm
06:58 Farm
06:58 Farm
07:00 Farm
07:34 Farm
08:50 Castle
08:56 Workshop
08:57 Workshop
09:02 Workshop
09:03 Workshop
10:13 Farm
10:14 Farm
10:15 Farm
10:15 Farm
13:25 Scout Tower
13:26 Scout Tower
13:27 Scout Tower
13:29 Scout Tower
13:29 Scout Tower
13:31 Scout Tower
14:25 Lumber Mill
15:09 Guard Tower
15:30 Guard Tower
15:45 Guard Tower
16:41 Guard Tower
17:38 Town Hall
18:12 Town Hall
21:37 Town Hall
23:31 Scout Tower
23:59 Guard Tower
24:11 Scout Tower
24:12 Scout Tower
24:39 Guard Tower
25:05 Guard Tower
25:08 Scout Tower
25:09 Scout Tower
25:10 Scout Tower
25:45 Guard Tower
26:05 Guard Tower
26:30 Guard Tower
» items
| Scroll of Regeneration | 1 | |
| Potion of Lesser Invulnerability | 1 | |
| Scroll of Healing | 1 | |
| Scroll of Town Portal | 1 | |
4 total
team 2 (loser)
ToucanSlam (
orange | 56 APM | 1066 actions | 18:52)
3 Shadow Hunter
2 Hex
1 Healing Wave
» actions
| Assign group hotkey | 51 | |
| Basic commands | 108 | |
| Build / train | 49 | |
| Enter build submenu | 19 | |
| Enter hero's abilities submenu | 3 | |
| Right click | 160 | |
| Select / deselect | 259 | |
| Select group hotkey | 333 | |
| Use ability | 84 | |
1066 total
» units
| Peon | 9 | |
| Grunt | 3 | |
| Troll Headhunter/Berserker | 6 | |
| Troll Witch Doctor | 4 | |
| Shaman | 2 | |
24 total
» upgrades
| Pillage | 1 | |
| Ranged Weapons | 2 | |
| Troll Regeneration | 1 | |
| Armor | 2 | |
| Witch Doctor Training | 2 | |
| Shaman Training | 4 | |
| Berserker Upgrade | 1 | |
13 total
» buildings
| Altar of Storms | 1 | |
| Orc Burrow | 5 | |
| Barracks | 2 | |
| War Mill | 1 | |
| Stronghold | 1 | |
| Voodoo Lounge | 1 | |
| Spirit Lodge | 2 | |
| Watch Tower | 5 | |
| Fortress | 1 | |
19 total
» build order
00:41 Altar of Storms
00:44 Orc Burrow
00:57 Barracks
01:27 Orc Burrow
02:03 War Mill
02:40 Orc Burrow
03:51 Orc Burrow
04:19 Stronghold
05:06 Barracks
05:17 Voodoo Lounge
08:01 Spirit Lodge
08:18 Orc Burrow
08:47 Watch Tower
08:53 Spirit Lodge
08:58 Watch Tower
10:00 Watch Tower
11:18 Watch Tower
12:13 Fortress
12:34 Watch Tower
» items
| Potion of Healing | 3 | |
| Potion of Mana | 1 | |
| Scroll of Town Portal | 1 | |
| Lesser Clarity Potion | 1 | |
6 total
Scythe (
pink | 45 APM | 804 actions | 17:55)
3 Goblin Alchemist
1 Chemical Rage
2 Acid Bomb
2 Paladin
1 Holy Light
1 Divine Shield
» actions
| Assign group hotkey | 14 | |
| Basic commands | 66 | |
| Build / train | 65 | |
| ESC pressed | 6 | |
| Enter build submenu | 22 | |
| Enter hero's abilities submenu | 5 | |
| Right click | 217 | |
| Select / deselect | 168 | |
| Select group hotkey | 179 | |
| Use ability | 62 | |
804 total
» units
| Peasant | 12 | |
| Footman | 4 | |
| Spell Breaker | 5 | |
| Siege Engine | 5 | |
| Knight | 1 | |
27 total
» upgrades
| Masonry | 1 | |
| Lumber Harvesting | 2 | |
| Plating | 2 | |
| Gunpowder | 2 | |
| Barrage | 1 | |
| Swords | 1 | |
9 total
» buildings
| Lumber Mill | 1 | |
| Altar of Kings | 1 | |
| Farm | 8 | |
| Scout Tower | 5 | |
| Arcane Tower | 1 | |
| Barracks | 1 | |
| Guard Tower | 5 | |
| Arcane Vault | 1 | |
| Keep | 2 | |
| Castle | 1 | |
| Blacksmith | 1 | |
| Arcane Sanctum | 1 | |
| Workshop | 1 | |
29 total
» build order
00:10 Lumber Mill
00:12 Altar of Kings
00:16 Farm
00:24 Farm
00:59 Scout Tower
01:28 Arcane Tower
01:42 Scout Tower
02:09 Barracks
02:20 Farm
02:30 Guard Tower
02:31 Guard Tower
02:45 Farm
03:10 Arcane Vault
04:33 Keep
04:33 Keep
05:23 Scout Tower
05:25 Scout Tower
05:27 Scout Tower
05:55 Guard Tower
07:25 Castle
07:31 Farm
07:35 Blacksmith
09:29 Arcane Sanctum
11:06 Workshop
11:51 Farm
14:50 Farm
» items
| Scroll of Regeneration | 1 | |
| Lesser Clarity Potion | 2 | |
| Healing Salve | 1 | |
| Potion of Healing | 1 | |
| Scroll of Speed | 1 | |
| Scroll of Town Portal | 3 | |
9 total

»
ZwickOwnsYou (
purple | 40 APM | 701 actions | 17:27)
5 Blademaster
2 Critical Strike
3 Wind Walk
» actions
| Assign group hotkey | 13 | |
| Basic commands | 24 | |
| Build / train | 46 | |
| ESC pressed | 2 | |
| Enter build submenu | 17 | |
| Enter hero's abilities submenu | 6 | |
| Right click | 302 | |
| Select / deselect | 172 | |
| Select group hotkey | 85 | |
| Use ability | 34 | |
701 total
» units
» upgrades
| Pillage | 1 | |
| Armor | 2 | |
| Melee Weapons | 2 | |
| Pulverize | 1 | |
6 total
» buildings
| Altar of Storms | 1 | |
| Orc Burrow | 5 | |
| Barracks | 1 | |
| War Mill | 1 | |
| Stronghold | 1 | |
| Great Hall | 2 | |
| Fortress | 1 | |
| Voodoo Lounge | 1 | |
| Watch Tower | 4 | |
| Tauren Totem | 2 | |
19 total
» build order
00:04 Altar of Storms
00:07 Orc Burrow
01:01 Barracks
01:45 Orc Burrow
02:03 Orc Burrow
02:26 War Mill
04:04 Stronghold
05:19 Orc Burrow
06:08 Great Hall
06:26 Fortress
06:51 Voodoo Lounge
06:59 Watch Tower
08:29 Watch Tower
08:34 Orc Burrow
08:54 Tauren Totem
08:56 Tauren Totem
11:06 Watch Tower
11:09 Watch Tower
16:03 Great Hall
» items
| Potion of Healing | 1 | |
| Potion of Mana | 1 | |
2 total
trademark-idiot (
green | 84 APM | 3248 actions | 38:33)
6 Dark Ranger
3 Black Arrow
2 Silence
1 Charm
2 Goblin Alchemist
1 Chemical Rage
1 Healing Spray
2 Paladin
1 Holy Light
1 Divine Shield
2 Shadow Hunter
2 Healing Wave
» actions
| Assign group hotkey | 47 | |
| Basic commands | 1 | |
| Build / train | 99 | |
| Enter build submenu | 38 | |
| Enter hero's abilities submenu | 12 | |
| Give item / drop item | 3 | |
| Right click | 1507 | |
| Select / deselect | 425 | |
| Select group hotkey | 934 | |
| Use ability | 182 | |
3248 total
» units
| Peon | 22 | |
| Grunt | 4 | |
| Goblin Shredder | 10 | |
| Raider | 3 | |
| Tauren | 2 | |
| Siege Engine | 3 | |
| Troll Headhunter/Berserker | 10 | |
| Gryphon Rider | 6 | |
60 total
» upgrades
| Reinforced Defenses | 2 | |
| Ensnare | 1 | |
| Melee Weapons | 1 | |
| Armor | 1 | |
5 total
» buildings
| Altar of Storms | 1 | |
| Orc Burrow | 13 | |
| Barracks | 1 | |
| Voodoo Lounge | 1 | |
| Stronghold | 4 | |
| War Mill | 3 | |
| Great Hall | 2 | |
| Watch Tower | 50 | |
| Fortress | 2 | |
| Beastiary | 5 | |
| Gryphon Aviary | 2 | |
| Farm | 5 | |
89 total
» build order
00:11 Altar of Storms
00:21 Orc Burrow
00:38 Barracks
01:23 Orc Burrow
01:55 Voodoo Lounge
02:56 Stronghold
03:48 War Mill
04:16 Great Hall
04:48 Orc Burrow
05:50 Orc Burrow
06:17 Watch Tower
06:17 Watch Tower
06:34 Watch Tower
06:35 Watch Tower
06:35 Watch Tower
06:55 Watch Tower
06:56 Watch Tower
08:32 Watch Tower
08:52 Fortress
08:52 Fortress
09:16 Orc Burrow
10:36 Beastiary
10:36 Beastiary
13:37 Watch Tower
13:37 Watch Tower
13:39 Watch Tower
13:39 Watch Tower
14:18 Watch Tower
14:19 Watch Tower
14:23 Watch Tower
14:24 Watch Tower
14:25 Watch Tower
14:26 Watch Tower
14:50 Watch Tower
14:51 Watch Tower
14:52 Watch Tower
14:52 Watch Tower
14:53 Watch Tower
14:54 Watch Tower
15:41 Orc Burrow
15:41 Orc Burrow
15:49 Watch Tower
15:49 Watch Tower
15:50 Watch Tower
15:53 Watch Tower
15:54 Watch Tower
16:56 Stronghold
16:57 Stronghold
17:36 War Mill
19:10 Watch Tower
19:10 Watch Tower
19:11 Watch Tower
19:12 Watch Tower
19:12 Watch Tower
19:13 Watch Tower
20:58 Watch Tower
20:58 Watch Tower
20:59 Watch Tower
21:00 Watch Tower
21:00 Watch Tower
21:01 Watch Tower
21:02 Watch Tower
21:14 Gryphon Aviary
21:16 Gryphon Aviary
21:17 Farm
21:18 Farm
21:20 Farm
21:20 Farm
22:04 Watch Tower
22:04 Watch Tower
22:05 Watch Tower
22:05 Watch Tower
22:18 Orc Burrow
22:19 Orc Burrow
22:20 Orc Burrow
23:31 Beastiary
23:32 Beastiary
24:18 Beastiary
24:22 Orc Burrow
24:22 Orc Burrow
26:30 War Mill
32:34 Great Hall
» items
| Healing Salve | 2 | |
| Scroll of Town Portal | 4 | |
| Orb of Lightning | 1 | |
| Scroll of Speed | 1 | |
| Potion of Healing | 1 | |
9 total
Chat log
(00:31 / Allies) ddxxddxx: bm
(00:33 / Allies) ddxxddxx: grunt
(00:39 / Allies) OrionMoreno: fast expo
(00:42 / Allies) avo: ilidan hunt
(00:44 / Allies) OrionMoreno: can creep it myself, don't help
(00:51 / Allies) OrionMoreno: illidan? lol
(07:05 / Allies) ddxxddxx: why
(08:08 / Allies) ddxxddxx: wtf
(08:10 / Allies) ddxxddxx: yellow
(08:18 / Allies) ddxxddxx: kill oj
(08:22 / Allies) OrionMoreno: lol
(08:47 / Allies) ddxxddxx: what happen to item
(08:54 / Allies) OrionMoreno: item?
(09:07 / Allies) OrionMoreno: i guess a bm took it
(10:36 / Allies) ddxxddxx: wtf
(10:38 / Allies) OrionMoreno: he is too fortified
(10:38 / Allies) OrionMoreno: b
(10:42 / Allies) ddxxddxx: fucking whole game
(11:32 / Allies) ddxxddxx: repair
(12:14 / All) trademark-idiot: are u guys fucking everyhwere
(14:01 / Allies) avo: tower
(14:06 / Allies) ddxxddxx: wtf
(14:08 / Allies) ddxxddxx: yellow
(14:26 / Allies) ddxxddxx: u fucking passing by wouldn't save it
(14:32 / Allies) OrionMoreno: save what?
(14:41 / Allies) OrionMoreno: wasn't trying to
(14:51 / Allies) ddxxddxx: wat now
(14:54 / Allies) ddxxddxx: wat u waiting for
(15:46 / Allies) ddxxddxx: fuck
(15:49 / Allies) ddxxddxx: no more running
(15:50 / Allies) ExitMusic: incoming raiders red
(15:59 / Allies) ddxxddxx: why yellow
(16:03 / Allies) OrionMoreno: why what?
(16:11 / Allies) ddxxddxx: just fight
(17:36 / All) ddxxddxx: i hate when fucking yellow ran all time
(18:48 / All) ToucanSlam: GG
(19:29 / Allies) ExitMusic: 2 bases raped
(19:40 / Allies) ddxxddxx: yellow still running
(19:45 / Allies) OrionMoreno: no
(19:49 / Allies) ddxxddxx: lol
(19:51 / Allies) ddxxddxx: we could
(21:33 / Allies) avo: gold plz
(21:37 / Allies) OrionMoreno: no
(21:39 / Allies) OrionMoreno: i only have 4k
(21:39 / Allies) avo: formake a qg
(21:40 / Allies) OrionMoreno: gold me
(21:46 / Allies) avo: plz
(21:50 / Allies) avo: i need 400
(21:54 / Allies) OrionMoreno: for
(21:55 / Allies) ExitMusic: we win in spite of yellow
(22:02 / Allies) avo: make a new qg
(22:19 / Allies) ddxxddxx: fuck u yellow
(22:23 / Allies) ddxxddxx: coz i get melee
(22:34 / Allies) OrionMoreno: stop running
(22:41 / Allies) ddxxddxx: u fucking noob
(23:08 / Allies) ddxxddxx: only coz i went melee
(23:13 / Allies) ddxxddxx: or u dead
(23:24 / Allies) ExitMusic: yellow is tking me for some reason
(23:35 / All) OrionMoreno: lol
(23:36 / Allies) ddxxddxx: he's fucking noob whole game
(23:40 / Allies) ddxxddxx: just on the run
(23:51 / Allies) ddxxddxx: i could beat them myself,,he still running
(25:47 / All) trademark-idiot: leave homo's i raped u 1v4
(26:01 / All) ExitMusic: only because yellow is tking
(26:09 / All) OrionMoreno: He outplayed us
(26:12 / All) OrionMoreno: Leave
(29:06 / All) trademark-idiot: can u guys just leave seriously ur delaying the inevitable
(32:22 / All) trademark-idiot: leave fags
(32:24 / All) trademark-idiot: god
(32:28 / All) ExitMusic: stfu green
(32:32 / All) ddxxddxx: lol
(32:34 / All) OrionMoreno: why so mad teal?
(32:34 / All) ExitMusic: you win because of a faggot tker
(32:37 / All) ExitMusic: you suck balls
(32:39 / All) OrionMoreno: I beat you 1v4
(32:45 / All) trademark-idiot: wow u went tanks teal that sso impressive
(32:59 / All) trademark-idiot: leave i rpaed u guys 1v4
(33:04 / All) ExitMusic: how sad is that?
(33:07 / All) ddxxddxx: lol
(33:21 / All) ExitMusic: I raped 2 of your bases, green
(33:22 / All) trademark-idiot: i got myb ase raped and i still beat u 4
(33:25 / All) ExitMusic: you're trash
(33:29 / All) ExitMusic: You didn
(33:30 / All) OrionMoreno: Yeah, by amoving tanks
(33:32 / All) OrionMoreno: so much skill
(33:39 / All) ExitMusic: you didn't beat us. We got tked, asshat.
(33:40 / All) trademark-idiot: now
(33:47 / All) OrionMoreno: You couldn't even kill 1 bser
(33:52 / All) ExitMusic: I think I'll just go afk
(34:01 / All) OrionMoreno: Bye, come back to a defeat screen
(34:02 / All) trademark-idiot: im sure we raped exit music before
(34:09 / All) OrionMoreno: wouldn't surprise me
(34:16 / All) ExitMusic: I'm sure I raped your mother before
(34:25 / All) trademark-idiot: dont be jealous i am superior to u at wc3
(34:31 / All) OrionMoreno: She is a post-op transgendered man. You're into that?
(34:48 / All) ExitMusic: Yes, because I am easily impressed by a pimply teenager's skills at a decade old video game
(35:00 / All) OrionMoreno: I'm 22 and he's 25
(35:02 / All) trademark-idiot: admit it
(35:06 / All) ExitMusic: That's worse
(35:18 / All) ExitMusic: You both should move out of your parents' basements and find jobs and girlfriends
(35:21 / All) OrionMoreno: Yeah, adults shouldn't play games right?
(35:27 / All) OrionMoreno: I'm in university mang, I have a job
(35:30 / All) ExitMusic: Adults? LOL
(35:46 / All) trademark-idiot: just leave seriously. i heard this routine thousands of times
(35:55 / All) ExitMusic: That's a shocker
(36:06 / All) ExitMusic: You means thousands of people have told you how much of a tool you are?
(36:10 / All) ExitMusic: Wow. Surprise of the year.
(36:13 / All) trademark-idiot: im gonna post this replay and how to my mother
(36:15 / All) OrionMoreno: Why so angry teal?
(36:28 / All) OrionMoreno: We upload all of these to highper.ch so people can laugh at victims such as you
(36:30 / All) ExitMusic: I just hate faggots, that's all
(36:33 / All) OrionMoreno: Your family name is humiliated
(36:57 / All) ExitMusic: Gosh. I might as well kill myself right now. How will I face the humiliation of being owned by two geeks in mom's basement?
(37:12 / All) OrionMoreno: I live by myself
(37:14 / All) trademark-idiot: out teal
(37:15 / All) trademark-idiot: out
(37:19 / All) ExitMusic: I'll say it again. Find girlfriends.
(37:24 / All) trademark-idiot: lawlz
(37:34 / All) OrionMoreno: 10 years of university mang, it attracts all the ladies
(37:38 / All) ExitMusic: Or find something more fulfilling with your time. So sad.
(37:44 / All) ExitMusic: 10 years? LOL!
(37:48 / All) OrionMoreno: PhD. mang
(37:50 / All) ExitMusic: You said you were 22 and 25
(37:58 / All) OrionMoreno: Yeah I am, that's what I'm going for
(38:02 / All) ExitMusic: Oh shit. That's fucking funny.
(38:12 / All) OrionMoreno: Yeah, I will make more money and be more educated than you
(38:16 / All) ExitMusic: 10 years. What are you, the fucking doogie hauser of univ managment?
(38:22 / All) ExitMusic: LOL.
(38:22 / All) OrionMoreno: lol
(38:29 / All) OrionMoreno: Teal, how do we know the universe's age?
(38:32 / All) OrionMoreno: Tell me, I already know